 Dungeon Crawl Stone Soup version 0.26-a0-642-g67e99244d3 (webtiles) character file.

Game seed: 9569447523187794652

24901 snadeaben the Spear-Bearer (level 12, -8/103 HPs)
             Began as a Minotaur Fighter on Sept 22, 2020.
             Was a High Priest of Okawaru.
             Mangled by a skeletal warrior
             ... wielding a +0 trident
              (14 damage)
             ... on level 12 of the Dungeon.
             The game lasted 00:58:18 (10430 turns).

snadeaben the Spear-Bearer (Minotaur Fighter)      Turns: 10430, Time: 00:58:18

Health: -8/103     AC: 18    Str: 23    XL:     12   Next: 84%
Magic:  10/16      EV: 13    Int:  2    God:    Okawaru [*****.]
Gold:   1101       SH: 14    Dex: 13    Spells: 11/11 levels left

rFire    + . .     SeeInvis .   a - +4 demon trident (elec)
rCold    + . .     Faith    .   c - +0 kite shield
rNeg     . . .     Spirit   .   E - +5 ring mail {rC+}
rPois    +         Reflect  .   (helmet restricted)
rElec    .         Harm     .   u - +0 cloak {rPois}
rCorr    .         Rampage  .   (no gloves)
MR       .....                  B - +2 pair of boots
Stlth    +++.......             M - amulet of regeneration
HPRegen  0.67/turn              p - +4 ring of slaying
MPRegen  0.15/turn              U - ring "Fomalen" {+Fly rPois rF+ Int-3 Stlth+}

@: heroism, finesse, studying Conjurations
A: retaliatory headbutt, horns 2
a: Heroism, Finesse, Renounce Religion, Evoke Flight


You were on level 12 of the Dungeon.
You worshipped Okawaru.
Okawaru was extremely pleased with you.
You visited 2 branches of the dungeon, and saw 15 of its levels.
You also visited: Bailey.

You collected 1101 gold pieces.

Inventory:

Hand Weapons
 a - a +4 demon trident of electrocution (weapon)
 b - a +0 hunting sling of freezing
 F - a +0 long sword
 L - a +1 vorpal war axe
 R - the +3 scimitar "Wirec" {vorpal, rF- Str+3 Dex+4}
   (You found it on level 10 of the Dungeon)

   It inflicts extra damage upon your enemies.
   It affects your strength (+3).
   It affects your dexterity (+4).
   It makes you vulnerable to fire.
Missiles
 H - 80 sling bullets (quivered)
Armour
 c - a +0 kite shield (worn)
 d - a +0 plate armour
 u - a +0 cloak of poison resistance (worn)
 B - a +2 pair of boots (worn)
 E - a +5 ring mail of cold resistance (worn)
Jewellery
 f - an uncursed ring of resist corrosion
 p - a +4 ring of slaying (left hand)
 t - an uncursed amulet of the acrobat
 G - an uncursed ring of see invisible
 M - an amulet of regeneration (around neck)
 T - a +4 ring of protection
 U - the ring "Fomalen" (right hand) {+Fly rPois rF+ Int-3 Stlth+}
   (You found it on level 11 of the Dungeon)

   [ring of flight]

   It affects your intelligence (-3).
   It protects you from fire.
   It protects you from poison.
   It lets you fly.
   It makes you more stealthy.
Wands
 l - a wand of flame (42)
 I - a wand of enslavement (11)
 O - a wand of polymorph (17)
 Q - a wand of digging (7)
 S - a wand of disintegration (7)
Scrolls
 e - 8 scrolls of remove curse
 g - a scroll of enchant weapon
 i - 3 scrolls of blinking
 j - 6 scrolls of teleportation
 k - 2 scrolls of enchant armour
 w - a scroll of amnesia
 y - 4 scrolls of fear
 D - a scroll of vulnerability {unknown}
 K - a scroll of fog {unknown}
Potions
 h - 2 potions of ambrosia {unknown}
 n - 3 potions of degeneration {unknown}
 q - 5 potions of stabbing
 r - a potion of cancellation {unknown}
 s - a potion of invisibility {unknown}
 v - 3 potions of haste {unknown}
 x - 7 potions of curing
 z - a potion of resistance {unknown}
 A - 2 potions of flight {unknown}
 C - a potion of mutation {unknown}
 J - 2 potions of experience {unknown}
 P - a potion of berserk rage {unknown}
Books
 o - a manual of Conjurations


   Skills:
 * Level 8.4(13.4) Fighting
 - Level 11.8(16.8) Long Blades
 - Level 14.0(19.0) Polearms
 + Level 7.4(12.4) Slings
 - Level 9.0(14.0) Armour
 - Level 9.0(14.0) Shields
 + Level 7.7 Invocations


You had 11 spell levels left.
You didn't know any spells.
Your spell library contained the following spells:

 Spells                   Type           Power        Failure   Level
 Corona                   Hex            #......      71%         1
 Magic Dart               Conj           #...         71%         1
 Blink                    Tloc           N/A          83%         2
 Call Imp                 Summ           #.......     83%         2
 Ensorcelled Hibernation  Hex/Ice        #.....       83%         2
 Slow                     Hex            #.......     83%         2
 Confusing Touch          Hex            #.......     97%         3
 Conjure Flame            Conj/Fire      #.......     97%         3
 Dazzling Flash           Conj/Hex       #.....       97%         3
 Mephitic Cloud           Conj/Pois/Air  #.......     97%         3
 Tukima's Dance           Hex            #.......     97%         3


Dungeon Overview and Level Annotations

Branches:
Dungeon (14/15)            Temple (1/1) D:7            Lair (0/6) D:8
    Orc (0/2) D:10         Bailey (visited)
 Vaults: D:13-14

Altars:
Ashenzari
Cheibriados
Dithmenos
Elyvilon
Fedhas
Gozag
Hepliaklqana
Kikubaaqudgha
Makhleb
Nemelex Xobeh
Okawaru
Qazlal
Ru
Sif Muna
Trog
Uskayaw
Vehumet
Wu Jian
Xom
Yredelemnul
Zin
The Shining One

Shops:
D:5 *

Annotations:
D:7 3 runed translucent doors, dracos369's ghost, novice VSFi


Innate Abilities, Weirdness & Mutations

You reflexively headbutt those who attack you in melee.
You have a pair of horns on your head.


Message History

The skeletal warrior is almost destroyed.
The skeletal warrior hits you with a +0 battleaxe!
* * * LOW HITPOINT WARNING * * *
The skeletal warrior hits you but does no damage.
You barely miss the skeletal warrior.
The skeletal warrior is almost destroyed.
You puncture the skeletal warrior!
You destroy the skeletal warrior!
Okawaru is honoured by your kill.
You are too injured to fight recklessly!
The skeletal warrior hits you with a +0 trident!
* * * LOW HITPOINT WARNING * * *
You puncture the skeletal warrior!
The skeletal warrior is lightly damaged.
You impale the skeletal warrior!!
Lightning courses through the skeletal warrior!
You headbutt the skeletal warrior, but do no damage.
The skeletal warrior is severely damaged.
The skeletal warrior hits you with a +0 trident!
You die...

#.,* #..#.........##.##
#.,* #..#.........##.##
#..* #............##.##
#..###............##.##
#.................##...
#..)....#........Z...##
#.......#.....#.#.#..##
#.####z)#.........†..##
#,* #@.#.....#.#.#..##
*,* #..#.†÷.........##
*,* #..#.....#.#.#..##
#.* #..#..............
#.# #..#.........#....
#.# #..#.........#..##
#.# #..........<.#..#
#.# #..#.........#..#
#.####..#...........†#


You could see a skeletal warrior.

Vanquished Creatures
  An orc warlord (Bailey)
  Harold (D:11)
  2 hydras
  A two-headed ogre (D:8)
  A centaur warrior (D:13)
  3 skeletal warriors (D:12)
  An unseen horror (D:7)
  2 orc knights (Bailey)
  A wolf spider zombie (D:13)
  A deep elf mage (D:12)
  2 ugly things (D:12)
  4 centaur zombies
  Joseph (D:9)
  2 centaur skeletons
  A tengu conjurer (D:14)
  6 trolls
  2 dream sheep (D:11)
  3 hippogriffs
  A wyvern (D:12)
  29 yaks
  2 wraiths
  2 water moccasins
  2 porcupines (D:8)
  A hornet zombie (D:11)
  An ice beast (D:6)
  16 orc warriors
  A black bear (D:10)
  A phantom (D:8)
  2 eyes of draining (D:9)
  4 ogres
  6 centaurs
  5 big kobolds
  A gnoll sergeant (D:10)
  A wyvern zombie (D:10)
  10 bullfrogs
  A water moccasin skeleton (D:6)
  5 killer bees (D:12)
  8 scorpions
  6 wights
  A howler monkey (D:12)
  3 jellies
  6 orc priests
  3 hounds
  Jessica (D:3)
  2 iguanas
  10 orc wizards
  4 worker ants
  A howler monkey zombie (D:8)
  A worker ant zombie (D:10)
  12 gnolls
  14 adders
  A howler monkey skeleton (D:9)
  3 white imps (D:6)
  3 ufetubi
  2 oozes
  An adder skeleton (D:4)
  An adder zombie (D:5)
  2 worms
  3 dart slugs
  6 leopard geckos
  58 orcs
  3 ball pythons
  4 giant cockroaches
  32 goblins
  20 hobgoblins
  3 jackals (D:5)
  2 quokkas
  3 bats
  4 frilled lizards (D:1)
  A jackal zombie (D:8)
  12 kobolds
  A leopard gecko skeleton (D:6)
  3 quokka skeletons
  A quokka zombie (D:5)
  9 rats
376 creatures vanquished.

Vanquished Creatures (others)
  A human (D:4)
  3 fungi (D:8)
  9 plants
13 creatures vanquished.

Grand Total: 389 creatures vanquished

Notes
Turn   | Place    | Note
-------+----------+-------------------------------------------
     0 | D:1      | snadeaben the Minotaur Fighter began the quest for the Orb.
     0 | D:1      | Reached XP level 1. HP: 19/19 MP: 0/0
   258 | D:1      | Reached XP level 2. HP: 25/26 MP: 1/1
  1045 | D:2      | Reached XP level 3. HP: 27/31 MP: 2/2
  1201 | D:2      | Reached skill level 5 in Long Blades
  1243 | D:2      | Reached XP level 4. HP: 35/39 MP: 3/3
  1318 | D:2      | Found a shattered altar of Ashenzari.
  1377 | D:2      | Found a shimmering blue altar of Sif Muna.
  1604 | D:2      | Found a faded altar of an unknown god.
  1844 | D:3      | Reached XP level 5. HP: 9/45 MP: 4/4
  2422 | D:3      | Found an ornate altar of the Wu Jian Council.
  2654 | D:3      | Noticed Jessica
  2661 | D:3      | Killed Jessica
  3025 | D:4      | Found an ancient bone altar of Kikubaaqudgha.
  3027 | D:4      | Noticed a human
  3029 | D:4      | Killed a human
  3307 | D:5      | Entered Level 5 of the Dungeon
  3330 | D:5      | Found a sparkling altar of Nemelex Xobeh.
  3360 | D:5      | Reached XP level 6. HP: 48/51 MP: 5/5
  3709 | D:5      | Found Umullaex's Assorted Antiques.
  4290 | D:6      | Found a sparkling altar of Nemelex Xobeh.
  4301 | D:6      | Noticed an ice beast
  4310 | D:6      | Killed an ice beast
  4340 | D:6      | Reached XP level 7. HP: 57/57 MP: 6/6
  4463 | D:6      | Found a radiant altar of Vehumet.
  4554 | D:6      | Reached skill level 10 in Long Blades
  4846 | D:6      | Found a snail-covered altar of Cheibriados.
  5262 | D:7      | Found a runed translucent gate.
  5263 | D:7      | Found a runed translucent gate.
  5263 | D:7      | Noticed dracos369's ghost (novice VSFi)
  5264 | D:7      | Found a runed translucent gate.
  5276 | D:7      | Found a staircase to the Ecumenical Temple.
  5285 | D:7      | Reached skill level 1 in Slings
  5298 | Temple   | Entered the Ecumenical Temple
  5305 | Temple   | Became a worshipper of Warmaster Okawaru
  5494 | D:7      | Noticed an unseen horror
  5512 | D:7      | Killed an unseen horror
  5512 | D:7      | Reached * piety under Okawaru
  5512 | D:7      | Reached XP level 8. HP: 64/64 MP: 7/7
  5804 | D:8      | Noticed a two-headed ogre
  5815 | D:8      | Killed a two-headed ogre
  5815 | D:8      | Reached skill level 5 in Armour
  5815 | D:8      | Reached skill level 5 in Shields
  5815 | D:8      | Reached XP level 9. HP: 70/70 MP: 5/8
  5896 | D:8      | Found a flagged portal.
  5906 | Bailey   | Entered a bailey
  5967 | Bailey   | Reached ** piety under Okawaru
  6033 | Bailey   | Noticed an orc knight
  6064 | Bailey   | Killed an orc knight
  6070 | Bailey   | HP: 1/70 [orc warrior/+0 war axe (23)]
  6129 | Bailey   | Noticed an orc warlord
  6152 | Bailey   | Killed an orc warlord
  6152 | Bailey   | Reached *** piety under Okawaru
  6152 | Bailey   | Reached **** piety under Okawaru
  6152 | Bailey   | Reached XP level 10. HP: 26/77 MP: 7/9
  6271 | Bailey   | Noticed an orc knight
  6287 | Bailey   | Killed an orc knight
  6287 | Bailey   | Reached skill level 3 in Polearms
  6326 | Bailey   | Reached skill level 4 in Polearms
  6441 | Bailey   | Reached skill level 5 in Polearms
  6678 | D:8      | Reached skill level 6 in Polearms
  6688 | D:8      | Reached ***** piety under Okawaru
  6716 | D:8      | Reached skill level 7 in Polearms
  6743 | D:8      | Found a staircase to the Lair.
  6875 | D:8      | Reached skill level 8 in Polearms
  7297 | D:9      | Received a gift from Okawaru
  7297 | D:9      | Reached skill level 9 in Polearms
  7670 | D:9      | Reached XP level 11. HP: 82/82 MP: 10/10
  7799 | D:9      | Noticed Joseph
  7809 | D:9      | Killed Joseph
  7981 | D:9      | Found a hide-covered altar of Uskayaw.
  8060 | D:9      | Reached skill level 10 in Polearms
  8160 | D:10     | Entered Level 10 of the Dungeon
  8247 | D:10     | Found a staircase to the Orcish Mines.
  8270 | D:10     | Reached skill level 11 in Polearms
  8330 | D:10     | Reached skill level 1 in Invocations
  8394 | D:10     | Got a fading scimitar
  8395 | D:10     | Identified the +3 scimitar "Wirec" {vorpal, rF- Str+3
                  | Dex+4} (You found it on level 10 of the Dungeon)
  8659 | D:10     | Received a gift from Okawaru
  8659 | D:10     | Reached skill level 12 in Polearms
  8891 | D:11     | Noticed Harold
  8910 | D:11     | Killed Harold
  9051 | D:11     | Reached skill level 13 in Polearms
  9265 | D:11     | Noticed a two-headed hydra
  9272 | D:11     | Killed a two-headed hydra
  9272 | D:11     | Received a gift from Okawaru
  9398 | D:11     | Got a crude turquoise ring
  9399 | D:11     | Identified the ring "Fomalen" {+Fly rPois rF+ Int-3 Stlth+}
                  | (You found it on level 11 of the Dungeon)
  9544 | D:11     | Received a gift from Okawaru
  9544 | D:11     | Reached XP level 12. HP: 90/90 MP: 14/14
  9717 | D:12     | Reached skill level 5 in Invocations
  9756 | D:12     | Got a smoking falchion
  9757 | D:12     | Identified the +0 falchion of Feur {elec, rN+ MR- Int+4}
                  | (You found it on level 12 of the Dungeon)
  9792 | D:12     | Reached skill level 14 in Polearms
  9965 | D:12     | Reached skill level 5 in Fighting
 10057 | D:12     | You fall into a shaft and drop 2 floors!
 10112 | D:14     | Noticed a seven-headed hydra
 10124 | D:14     | Killed a seven-headed hydra
 10162 | D:13     | Noticed a centaur warrior
 10180 | D:13     | Killed a centaur warrior
 10430 | D:12     | Mangled by a skeletal warrior

Illustrated notes

Levels and vault maps discovered:
D:1:      minmay_arrival_diagonal_passages, layout_basic
D:2:      layout_basic, marbit_many_paths, lemuel_round_altar,
          chequers_ecumenical_altar_simple_redux
D:3:      layout_basic, lemuel_doored_altar, uniq_jessica
D:4:      layout_cave_pools, tgw_kikubaaqudgha
D:5:      layout_loops_corners, serial_shops, nicolae_shop_statue_plus,
          basic_altar
D:6:      layout_gridville, nemelex_xobeh_ov_fountains_minmay,
          fiery_altar_vehumet, kennysheep_slug_shrine
D:7:      layout_loops_ring, minmay_temple_entry_large_hall,
          gammafunk_ghost_split, minmay_manual_monstrance
D:8:      layout_cave_pools, grunt_lair_entry_orc_guard_hut, enter_bailey_2
D:9:      layout_gridville, eat_drink_and_be_merry_uskayaw, uniq_joseph
D:10:     layout_rooms, erik_orc_3
D:11:     layout_irregular_city, eino_small_chamber_without_monster,
          hangedman_ranch [blue_anna_fruit_fields], uniq_harold
D:12:     layout_long_grid, serial_glass, glass_columns_c, glass_columns_a,
          glass_columns_b, glass_columns_c, glass_columns_a, glass_columns_a,
          glass_columns_a, glass_columns_b, nrook_pool_corridor
D:13:     layout_loops_ring, minmay_fire_ice_demons, uniq_sonja
D:14:     layout_loops_ring, david_vaults_5, hex_medium, minivault_16
Temple:   nicolae_temple_no_exploring_needed

Skill      XL: |  1  2  3  4  5  6  7  8  9 10 11 12 |
---------------+-------------------------------------+-----
Long Blades    | 3 4 5 6 7 9 10 11 | 11.8
Slings         | 6 7 |  7.4
Shields        | 5 8 9 |  9.0
Armour         | 5 8 9 |  9.0
Polearms       | 9 13 14 | 14.0
Invocations    | 4 7 |  7.7
Fighting       | 8 |  8.4

Action                   |  1- 3 |  4- 6 |  7- 9 | 10-12 || total
-------------------------+-------+-------+-------+-------++-------
Melee: Long sword        |    70 |    97 |   143 |    84 ||   394
       Headbutt          |     9 |    17 |    37 |    92 ||   155
       Demon trident     |       |       |       |   451 ||   451
 Fire: Hunting sling     |    17 |    46 |    47 |   136 ||   246
Throw: Stone             |       |       |     1 |       ||     1
Invok: Heroism           |       |       |     5 |     9 ||    14
       Finesse           |       |       |       |     4 ||     4
  Use: Scroll            |       |     5 |     2 |    14 ||    21
       Potion            |       |     1 |     5 |     2 ||     8
Armor: Scale mail        |    26 |    21 |       |       ||    47
       Chain mail        |       |     9 |    47 |       ||    56
       Plate armour      |       |       |       |    91 ||    91
       Ring mail         |       |       |       |    17 ||    17
Dodge: Dodged            |    17 |    36 |    25 |    84 ||   162
Block: Buckler           |    17 |     4 |       |       ||    21
       Kite shield       |     3 |    23 |    64 |   163 ||   253
       Rpst.: Long sword |     3 |    13 |     8 |     5 ||    29

Table legend: (Time is in decaauts)
 A = Elapsed time spent in this place.
 B = Non-inter-level travel time spent in this place.
 C = Inter-level travel time spent in this place.
 D = Time resting spent in this place.
 E = Time spent auto-exploring this place.
 F = Levels seen in this place.
 G = Mean time per level.
                   A        B        C        D        E       F      G
               +--------+--------+--------+--------+--------+-----+--------+
         Total |  10216 |   9888 |    328 |    417 |   6582 |  16 |  638.5 |
       Dungeon |   9630 |   9308 |    322 |    308 |   6571 |  14 |  687.9 |
        Temple |     14 |      8 |      6 |      0 |      0 |   1 |   14.0 |
        Bailey |    571 |    571 |      0 |    109 |     11 |   1 |  571.0 |
               +--------+--------+--------+--------+--------+-----+--------+

Top non-repeatable levels by time:
     D:2: 1060 daAuts
     D:1: 1023 daAuts
     D:5: 966 daAuts
     D:9: 959 daAuts
     D:6: 878 daAuts
    D:11: 780 daAuts
     D:8: 759 daAuts
     D:3: 721 daAuts
    D:10: 629 daAuts
     D:7: 616 daAuts
    D:12: 589 daAuts
  Bailey: 571 daAuts
     D:4: 519 daAuts
    D:14: 81 daAuts
    D:13: 46 daAuts
